 Dungeon Crawl Stone Soup version 0.19-a0-386-gde47aeb (console) character file.

9157 Doll the Cleaver (level 11, -4/94 HPs)
             Began as a Minotaur Gladiator on May 31, 2016.
             Was a Follower of Uskayaw.
             Slain by a white ugly thing (35 damage)
             ... on level 1 of the Abyss.
             The game lasted 00:36:40 (8168 turns).

Doll the Cleaver (Minotaur Gladiator)               Turns: 8168, Time: 00:36:41

Health: -4/94      AC: 21    Str: 28    XL:     11   Next: 19%
Magic:  14/14      EV: 13    Int: 10    God:    Uskayaw [*.....]
Gold:   586        SH:  0    Dex: 14    Spells: 0 memorised, 10 levels left

rFire  . . .     SeeInvis .     O - +3 broad axe {freeze, *Drain +Inv Str+5 Dex+3}
rCold  . . .     Gourm    .     m - +4 chain mail
rNeg   . . .     Faith    .     (no shield)
rPois  .         Spirit   .     c - +2 hat
rElec  .         Dismiss  .     G - +0 cloak
rCorr  +         Reflect  .     (no gloves)
SustAt .         Harm     .     E - +2 pair of boots
MR     .....                    (no amulet)
Stlth  ..........               R - ring of resist corrosion
                                l - +5 ring of intelligence

@: not resistant to hostile enchantments, extremely unstealthy
A: retaliatory headbutt, horns 2
a: Stomp, Renounce Religion, Evoke Invisibility


You were on level 1 of the Abyss.
You worshipped Uskayaw.
Uskayaw was aware of your devotion.
You were not hungry.

You visited 1 branch of the dungeon, and saw 10 of its levels.
You visited the Abyss 1 time.

You collected 586 gold pieces.

Inventory:

Hand Weapons
 q - a +1 battleaxe of chopping
 L - a +0 arbalest
 O - the +3 broad axe of Defence (weapon) {freeze, *Drain +Inv Str+5 Dex+3}
   (You acquired it on level 8 of the Dungeon)

   It has been specially enchanted to freeze those struck by it, causing extra
   injury to most foes and up to half again as much damage against particularly
   susceptible opponents.
   It can also slow down cold-blooded creatures.
   It affects your strength (+5).
   It affects your dexterity (+3).
   It lets you turn invisible.
   It causes draining when unequipped.
Missiles
 d - 4 throwing nets
 e - 69 bolts
 I - 3 tomahawks (quivered)
Armour
 c - a +2 hat (worn)
 m - a +4 chain mail (worn)
 x - a +0 plate armour
 E - a +2 pair of boots (worn)
 G - a +0 cloak (worn)
 T - a +0 pair of gloves
Jewellery
 l - a +5 ring of intelligence (left hand)
 t - an uncursed ring of flight
 M - an uncursed amulet of guardian spirit
 P - an uncursed ring of fire
 R - a ring of resist corrosion (right hand)
Wands
 b - a wand of acid (8/15)
 g - a wand of polymorph (18/24)
 y - a wand of lightning (6/15)
 B - a wand of flame (28/48)
 N - a wand of random effects (28/48)
 S - a wand of acid (5/15)
Scrolls
 a - a scroll of amnesia
 o - 2 scrolls of teleportation
 p - 3 scrolls of magic mapping
 r - 3 scrolls of remove curse
 w - 3 scrolls of recharging
 C - a scroll of enchant weapon
 F - a scroll of identify
Potions
 h - 2 potions of haste
 i - 3 potions of curing
 j - 2 potions of mutation
 n - a potion of berserk rage
 s - a potion of resistance
 z - 2 potions of brilliance
 D - a potion of agility
 J - a potion of cancellation
Miscellaneous
 H - a phial of floods
Comestibles
 f - 8 bread rations
 k - 5 meat rations
 u - 16 fruits
 v - 2 beef jerkies
 A - a slice of pizza


   Skills:
 + Level 8.3 Fighting
 * Level 13.5 Axes
 - Level 2.0 Throwing
 + Level 7.9 Armour
 + Level 8.2 Dodging
 + Level 6.3 Invocations


You had 10 spell levels left.
You didn't know any spells.

Dungeon Overview and Level Annotations

Branches:
Dungeon (10/15)            Temple (0/1) D:7
   Lair: D:8-11         Orc: D:9-12

Altars:
Ashenzari
Cheibriados
Dithmenos
Elyvilon
Fedhas
Hepliaklqana
Kikubaaqudgha
Makhleb
Okawaru
Pakellas
Qazlal
Uskayaw
Vehumet
Yredelemnul
Zin

Shops:
D:6 =

Annotations:
D:10 Sonja


Innate Abilities, Weirdness & Mutations

You reflexively headbutt those who attack you in melee.
You have a pair of horns on your head.


Message History

A white very ugly thing comes into view.
There is an open door here.
Found a beef jerky.
An ugly thing and a white imp come into view.
The white ugly thing gurgles horribly!
The white imp shouts!
Okay, then.
You barely miss the white ugly thing.
The white ugly thing tentacle-slaps you but does no damage.
You barely miss the white ugly thing.
You headbutt the white ugly thing, but do no damage.
The white ugly thing closely misses you.
You furiously retaliate!
You headbutt the white ugly thing. You slash the white ugly thing!
Your headbutt misses the white ugly thing.
The white ugly thing is lightly wounded.
You hit the white ugly thing. You headbutt the white ugly thing.
The white ugly thing is moderately wounded.
The white ugly thing tentacle-slaps you.
The white ugly thing freezes you!!
You die...

###.. ..# ###
%# ##..# ..# #
....##'##.# .#
..........# #.#
.....# #.. ...
.# ..#.#..#.#
... .. ##...#
.#..#..##.##...
#5...5##.##
#..# .##..## .#
#.@..# ##u..#
.#.## #..#. ##.
.. # ###


You could see a white ugly thing and a white imp.

Vanquished Creatures
  A great orb of eyes (Abyss:1)
  The ghost of Charmandara the Martial Artist, a journeyman OpTm of Hepliaklqana (D:10)
  A large abomination (Abyss:1)
  A worldbinder (Abyss:1)
  A ynoxinul (Abyss:1)
  8 yaks (D:9)
  2 hippogriffs
  Grum (D:10)
  4 small abominations (Abyss:1)
  2 soldier ants (D:10)
  An orc warrior (D:9)
  3 sky beasts
  A black bear (D:10)
  3 phantoms
  2 wasps
  3 ice beasts
  2 wolves (D:10)
  2 centaurs (D:7)
  4 giant frogs
  2 gnoll sergeants
  A scorpion (D:8)
  A water moccasin skeleton (D:7)
  5 killer bees (D:8)
  A howler monkey (D:6)
  12 wights
  A giant frog zombie (D:5)
  2 crimson imps
  2 quasits
  A jelly (D:4)
  18 orc wizards
  7 orc priests
  An iron imp (Abyss:1)
  2 centaur skeletons
  A giant frog skeleton (D:5)
  2 iguanas
  8 worker ants
  A statue (D:8)
  A hound skeleton (D:5)
  4 worker ant zombies
  11 adders
  4 gnolls (D:5)
  3 shadow imps
  An ufetubus (Abyss:1)
  An ooze (D:3)
  An adder zombie (D:7)
  An adder skeleton (D:9)
  2 worms
  3 dart slugs
  5 giant geckos
  54 orcs
  A ball python (D:3)
  8 bats
  4 bat zombies (D:8)
  10 giant cockroaches
  8 goblins
  4 hobgoblins
  2 jackals (D:6)
  5 kobolds
  3 quokkas
  2 giant gecko skeletons
  5 giant newts
  A quokka zombie (D:8)
  6 rats
  A rat zombie (D:8)
262 creatures vanquished.

Vanquished Creatures (others)
  An ice dragon (D:7)
  An unseen horror (D:10)
2 creatures vanquished.

Grand Total: 264 creatures vanquished

Notes
Turn   | Place    | Note
--------------------------------------------------------------
     0 | D:1      | Doll the Minotaur Gladiator began the quest for the Orb.
     0 | D:1      | Reached XP level 1. HP: 18/18 MP: 0/0
     1 | D:1      | Noticed an electric eel
    15 | D:1      | Reached skill level 4 in Axes
   157 | D:1      | Reached XP level 2. HP: 21/25 MP: 1/1
   605 | D:1      | Reached skill level 5 in Axes
   658 | D:2      | Reached XP level 3. HP: 30/30 MP: 2/2
   894 | D:2      | Found a basalt altar of Yredelemnul.
   954 | D:2      | Found a faded altar of an unknown god.
   971 | D:2      | Reached XP level 4. HP: 37/37 MP: 3/3
  1012 | D:2      | Reached skill level 6 in Axes
  1843 | D:3      | Reached XP level 5. HP: 31/42 MP: 4/4
  1846 | D:3      | Reached skill level 7 in Axes
  1939 | D:3      | Reached skill level 8 in Axes
  2107 | D:3      | Reached XP level 6. HP: 50/50 MP: 5/5
  2556 | D:4      | Found a hide-covered altar of Uskayaw.
  2564 | D:4      | Became a worshipper of Uskayaw the Reveler
  2568 | D:4      | Reached * piety under Uskayaw
  2633 | D:4      | Reached ** piety under Uskayaw
  2638 | D:4      | Reached *** piety under Uskayaw
  2639 | D:4      | Reached skill level 9 in Axes
  2641 | D:4      | Reached **** piety under Uskayaw
  2642 | D:4      | Reached skill level 1 in Armour
  2651 | D:4      | Reached skill level 1 in Invocations
  2651 | D:4      | Reached XP level 7. HP: 49/56 MP: 6/6
  2652 | D:4      | Found a shadowy altar of Dithmenos.
  2804 | D:4      | Found a shattered altar of Ashenzari.
  2869 | D:4      | You fall through a shaft for 3 floors!
  2869 | D:7      | Found an oddly glowing altar of Pakellas.
  2869 | D:7      | Noticed an ice dragon
  2889 | D:7      | Killed an ice dragon
  2958 | D:6      | Reached ***** piety under Uskayaw
  3080 | D:6      | Found an iron altar of Okawaru.
  3087 | D:6      | Reached XP level 8. HP: 47/66 MP: 8/8
  3179 | D:6      | Reached skill level 10 in Axes
  3190 | D:6      | Found a snail-covered altar of Cheibriados.
  3311 | D:6      | Found Jyph's Jewellery Boutique.
  3550 | D:5      | Entered Level 5 of the Dungeon
  3917 | D:4      | Found a white marble altar of Elyvilon.
  4495 | D:5      | Reached skill level 5 in Dodging
  4592 | D:5      | Found a radiant altar of Vehumet.
  5077 | D:5      | Reached skill level 5 in Fighting
  5258 | D:6      | Found a burning altar of Makhleb.
  5258 | D:6      | Found a hazy altar of Hepliaklqana.
  5512 | D:7      | Reached skill level 11 in Axes
  5512 | D:7      | Reached XP level 9. HP: 62/74 MP: 6/10
  5563 | D:7      | Found a stormy altar of Qazlal.
  5678 | D:7      | Identified a scroll of acquirement
  5866 | D:7      | Reached skill level 5 in Armour
  5870 | D:7      | Found a staircase to the Ecumenical Temple.
  5982 | D:7      | Found a glowing silver altar of Zin.
  6030 | D:8      | Found a blossoming altar of Fedhas.
  6130 | D:8      | Found a blossoming altar of Fedhas.
  6208 | D:8      | Found a radiant altar of Vehumet.
  6298 | D:8      | Found an ancient bone altar of Kikubaaqudgha.
  6430 | D:8      | Got a fine broad axe
  6431 | D:8      | Identified the +3 broad axe of Defence {freeze, *Drain +Inv Str+5 Dex+3} (You acquired it on level 8 of the Dungeon)
  6862 | D:9      | Reached skill level 12 in Axes
  7015 | D:9      | Reached XP level 10. HP: 75/84 MP: 12/12
  7017 | D:9      | Reached skill level 5 in Invocations
  7345 | D:10     | Entered Level 10 of the Dungeon
  7426 | D:10     | Noticed Charmandara's ghost (journeyman OpTm)
  7439 | D:10     | Killed Charmandara's ghost
  7566 | D:10     | Noticed Grum
  7571 | D:10     | Reached skill level 13 in Axes
  7574 | D:10     | Killed Grum
  7778 | D:10     | Noticed Sonja
  7786 | D:10     | Killed an unseen horror
  7790 | D:10     | Cast into level 1 of the Abyss (Sonja)
  7891 | Abyss:1  | Noticed a large abomination
  7916 | Abyss:1  | Killed a large abomination
  7916 | Abyss:1  | Reached XP level 11. HP: 13/94 MP: 14/14
  7988 | Abyss:1  | Found a runed door.
  8035 | Abyss:1  | Noticed a great orb of eyes
  8041 | Abyss:1  | Killed a great orb of eyes
  8124 | Abyss:1  | Noticed a large abomination
  8150 | Abyss:1  | Noticed a white very ugly thing
  8162 | Abyss:1  | Noticed a white ugly thing
  8168 | Abyss:1  | Slain by a white ugly thing

Vault maps used:
D:1:      arrival_aquarium_a, minmay_crystal_room
D:2:      lemuel_doored_altar, ecumenical_altar_2
D:4:      grunt_dithmenos_smoke_and_mirrors, elyvilon_altar_4,
          nicolae_ashenzari_panopticon, old_standard_altar
D:5:      first_bread, basic_altar, kennysheep_opposing_triangles
D:6:      kennysheep_okawaru_gauntlet, cheibriados_altar_1,
          gammafunk_temple_overflow_elements, serial_shops, shop_statue
D:7:      lemuel_coloured_pillars_altar, gammafunk_pakellas_cloud_experiment,
          grunt_qazlal_sundering, temple_statues
D:8:      old_standard_altar, lemuel_zombie_altar_kikubaaqudgha, vehumet_statue,
          hangedman_tree_tricks
D:10:     minmay_quarter_circles, minmay_statue_crystal_thing, uniq_grum,
          uniq_sonja

Skill      XL: |  1  2  3  4  5  6  7  8  9 10 |
---------------+-------------------------------+-----
Axes           | 4 5 6 8 9 11 12 13 | 13.5
Armour         | 1 2 4 5 7 |  7.9
Invocations    | 1 2 3 4 6 |  6.3
Fighting       | 3 5 6 8 |  8.3
Dodging        | 4 5 6 8 |  8.2
Throwing       | |  2.0

Action                   |  1- 3 |  4- 6 |  7- 9 | 10-12 || total
-------------------------+-------+-------+-------+-------++-------
Melee: War axe           |    64 |   130 |   211 |       ||   405
       Headbutt          |     5 |    14 |    57 |    35 ||   111
       Battleaxe         |       |       |    57 |       ||    57
       Broad axe         |       |       |    38 |   116 ||   154
 Fire: Arbalest          |       |       |     4 |       ||     4
Throw: Tomahawk          |       |       |     8 |       ||     8
Invok: Stomp             |       |       |     6 |     2 ||     8
       Line Pass         |       |       |     2 |     1 ||     3
  Use: Scroll            |       |     8 |    14 |     8 ||    30
       Potion            |       |       |     1 |     2 ||     3
 Stab: Paralysed         |       |     3 |    11 |    15 ||    29
       Confused          |       |       |     1 |     1 ||     2
  Eat: Chunk             |       |     6 |    15 |     3 ||    24
       Royal jelly       |       |       |       |     1 ||     1
Armor: Leather armour    |     7 |       |       |       ||     7
       Chain mail        |    31 |    77 |   239 |    71 ||   418
Dodge: Dodged            |    31 |    66 |   177 |    80 ||   354
